 Dungeon Crawl Stone Soup version 0.29-a0-520-gc852659d43 (webtiles) character file.

Game seed: 15814277500295622029

5607 tilp the Scholar of Death (level 10, -1/80 HPs)
             Began as a Mummy Necromancer on May 31, 2022.
             Was a Follower of Kikubaaqudgha.
             Killed from afar by a starcursed mass (9 damage)
             ... with an accursed screaming
             ... on level 2 of the Abyss.
             The game lasted 00:28:58 (15306 turns).

tilp the Scholar of Death (Mummy Necromancer)      Turns: 15306, Time: 00:28:59

Health: -1/80      AC:  6    Str: 11    XL:     10   Next: 45%
Magic:  7/17       EV: 13    Int: 20    God:    Kikubaaqudgha [*.....]
Gold:   118        SH:  0    Dex: 12    Spells: 2/19 levels left

rFire   x . .      SeeInvis .   a - +7 falchion "Jorchas" {protect, rC+}
rCold   + + +      Faith    .   (no shield)
rNeg    + + +      Spirit   .   v - +2 robe {Archmagi}
rPois   ∞          Reflect  .   q - +0 helmet
rElec   .          Harm     .   j - +0 cloak
rCorr   .          Rampage  .   h - +0 pair of gloves
Will    +....      Archmagi +   p - +2 pair of boots {Stlth+}
Stlth   ++........              o - amulet of magic regeneration
HPRegen 0.23/turn               J - ring of wizardry
MPRegen 0.55/turn               t - ring of protection from cold

@: corroded, very slightly contaminated, very slow
A: cold resistance 1, negative energy resistance 3, torment resistance 2, heat
vulnerability 1, in touch with death 1, no potions
a: Renounce Religion, Unearth Wretches


You were on level 2 of the Abyss.
You worshipped Kikubaaqudgha.
Kikubaaqudgha was aware of your devotion.
You visited 2 branches of the dungeon, and saw 11 of its levels.
You visited the Abyss 1 time.

You collected 1912 gold pieces.
You spent 1794 gold pieces at shops.

Inventory:

Hand Weapons
 a - the +7 falchion "Jorchas" (weapon) {protect, rC+}
   (You bought it in a shop on level 4 of the Dungeon)

   It grants its wielder temporary protection when it strikes (+7 to AC).
   rC:        It protects you from cold.
 b - the +4 flail of Faxtad {speed, rElec rPois Int-3 Dex+9}
   (You bought it in a shop on level 4 of the Dungeon)

   Attacks with this weapon are significantly faster.
   Int:       It affects your intelligence (-3).
   Dex:       It affects your dexterity (+9).
   rElec:     It insulates you from electricity.
   rPois:     It protects you from poison.
 G - a +2 dagger of speed
Missiles
 c - 249 stones (quivered)
 l - 2 curare-tipped darts
 B - 3 boomerangs
 C - 3 throwing nets
 L - 4 poisoned darts
 M - 2 silver javelins
Armour
 h - a +0 pair of gloves (worn)
 j - a +0 cloak (worn)
 p - a +2 pair of boots of stealth (worn)
 q - a +0 helmet (worn)
 v - a +2 robe of the Archmagi (worn)
Jewellery
 g - a ring of resist corrosion
 o - an amulet of magic regeneration (around neck)
 t - a ring of protection from cold (right hand)
 H - a ring of ice
 J - a ring of wizardry (left hand)
Wands
 f - a wand of iceblast (9)
 n - a wand of polymorph (4)
 z - a wand of acid (26)
 F - a wand of mindburst (33)
 I - a wand of paralysis (6)
Scrolls
 d - 4 scrolls of identify
 e - 4 scrolls of magic mapping
 i - 2 scrolls of immolation
 k - a scroll of vulnerability
 m - a scroll of brand weapon
 r - 2 scrolls of poison
 s - a scroll of amnesia
 u - a scroll of teleportation
 w - a scroll of enchant weapon
 x - a scroll of blinking
 y - 3 scrolls of fear
 A - a scroll of acquirement
 D - a scroll of fog
 E - 2 scrolls of summoning
Miscellaneous
 K - a tin of tremorstones (2/2)


   Skills:
 + Level 7.9 Fighting
 - Level 6.0 Throwing
 - Level 4.0 Dodging
 - Level 4.0 Stealth
 - Level 5.0 Spellcasting
 + Level 2.3 Hexes
 - Level 8.0 Necromancy
 - Level 4.0 Evocations


You had 2 spell levels left.
You knew the following spells:

 Your Spells              Type           Power      Damage    Failure   Level
a - Necrotize             Necr           100%       1d9       1%          1
b - Vampiric Draining     Necr           70%        2d11      1%          3
c - Animate Dead          Necr           70%        N/A       1%          4
d - Agony                 Necr           70%        N/A       4%          5
e - Anguish               Hex/Necr       27%        N/A       6%          4

Your spell library contained the following spells:

 Spells                   Type           Power      Damage    Failure   Level
 Apportation              Tloc           14%        N/A       4%          1
 Alistair's Intoxication  Tmut/Pois      4%         N/A       75%         5


Dungeon Overview and Level Annotations

Branches:
Dungeon (10/15)            Temple (1/1) D:5
   Lair: D:8-11         Orc: D:9-12

Altars:
Ashenzari
Cheibriados
Dithmenos
Elyvilon
Fedhas
Gozag
Hepliaklqana
Kikubaaqudgha
Makhleb
Nemelex Xobeh
Okawaru
Qazlal
Ru
Sif Muna
Trog
Uskayaw
Vehumet
Wu Jian
Xom
Yredelemnul
Zin
The Shining One

Shops:
D:1 ::(*   D:2 ([   D:4 (   D:6 ?!   D:8 !*?   D:9 (

Annotations:
D:4 Dowan, Duvessa
D:5 3 runed translucent doors, SeagullWaffle's ghost, novice TrBe
D:9 fly vault
D:10 Psyche


Innate Abilities, Weirdness & Mutations

You are immune to poison.
Your flesh is cold resistant. (rC+)
You are immune to negative energy. (rN+++)
You are immune to unholy pain and torment.
You are vulnerable to heat. (rF-)
You are in touch with the powers of death.
You do not drink.


Message History

Confirm with . or Enter, or press ? or * to list all spells.
Casting: Anguish (dangerous; 6% risk of failure)
Press: ? - help, Dir - look around, f - activate You feel a strong surge of power!
You miscast Anguish.
You are very lightly contaminated with residual magic.
You feel very uncomfortable. You resist.
The thrashing horror tramples you but does no damage. x2
Unknown command.
Unknown command.
Casting: Anguish (dangerous; 6% risk of failure)
Confirm with . or Enter, or press ? or * to list all spells.
Casting: Anguish (dangerous; 6% risk of failure)
Press: ? - help, Dir - look around, f - activate You feel a strong surge of power!
The thrashing horror easily resists.
The starcursed mass resists with almost no effort. x2
The thrashing horror tramples you.
* * * LOW HITPOINT WARNING * * *
You stumble backwards!
Splash!
The thrashing horror tramples you!
* * * LOW HITPOINT WARNING * * *
You hold your ground!
The thrashing horror closely misses you.
A starcursed mass splits. x2
Casting: Anguish (dangerous; 6% risk of failure)
Confirm with . or Enter, or press ? or * to list all spells.
Casting: Anguish (dangerous; 6% risk of failure)
Press: ? - help, Dir - look around, f - activate You feel a strong surge of power!
The thrashing horror easily resists.
The starcursed mass resists with some effort.
The starcursed mass is haunted by guilt!
The starcursed mass resists with almost no effort. x2
The thrashing horror tramples you.
* * * LOW HITPOINT WARNING * * *
You hold your ground!
The thrashing horror closely misses you.
A starcursed mass splits. x2
A deafening chorus of shrieks assaults your mind!
You die...
Kikubaaqudgha rasps: "You have failed me!
Welcome... oblivion!"

# ..## #..#.#.
.## .≈ ≈≈#...
#≈##X. ...##
..XX#.### ##
#XX≈#.##... .#
#♣≈..≈≈ .... #
#.≈X#.≈..# .#
###@#..#..# #
#X#.#.# .#
#..##.# #.#
#.##.≈≈≈##.###
#....#.#≈...#
#####..≈.###.#
##≈##..... .#.
###.. ## .#


You could see 6 starcursed masses and a thrashing horror.

Vanquished Creatures
  A deep elf high priest (Abyss:2)
  A two-headed ogre (D:7)
  2 wraiths
  A steam dragon (D:8)
  2 yaks (D:10)
  A water moccasin (D:7)
  2 orc warriors
  2 black bears
  3 ice beasts
  An ogre (D:7)
  5 centaurs
  5 phantoms
  2 kobold brigands (D:10)
  A gnoll sergeant (D:9)
  3 scorpions
  A necrophage (D:6)
  3 bullfrogs
  3 wights (D:8)
  8 killer bees (D:9)
  4 electric eels (D:8)
  A howler monkey (D:10)
  6 orc priests
  A hound (D:5)
  3 jellies
  Crazy Yiuf (D:2)
  A gnoll shaman (D:8)
  Jessica (D:2)
  5 iguanas
  10 orc wizards
  3 small abominations (Abyss:2)
  4 adders (D:2)
  14 gnolls
  3 white imps
  An ufetubus (D:7)
  2 worms
  3 dart slugs
  34 orcs
  10 bats
  7 endoplasms
  3 giant cockroaches
  7 goblins
  6 hobgoblins
  7 jackals
  4 quokkas
  8 ball pythons
  2 frilled lizards (D:1)
  9 kobolds
  6 rats
213 creatures vanquished.

Vanquished Creatures (collateral kills)
  2 yaks (D:10)
  A killer bee (D:9)
  An electric eel (D:9)
  2 orc wizards (D:9)
  2 gnolls (D:9)
  2 orcs
  A ball python (D:2)
  An endoplasm (D:1)
  A goblin (D:2)
  A frilled lizard (D:1)
  A kobold (D:10)
  A rat (D:1)
16 creatures vanquished.

Vanquished Creatures (others)
  A vault warden (Abyss:2)
  A stone giant (Abyss:2)
  A vault sentinel (Abyss:2)
  An ancient zyme (Abyss:2)
  A gnoll sergeant (D:8)
  4 killer bee zombies (D:9)
  A gnoll (D:8)
  8 gnoll zombies
  A kobold zombie (D:10)
  9 plants (D:8)
  4 starspawn tentacles (Abyss:2)
32 creatures vanquished.

Grand Total: 261 creatures vanquished

Notes
Turn   | Place    | Note
-------+----------+-------------------------------------------
     0 | D:1      | tilp the Mummy Necromancer began the quest for the Orb.
     0 | D:1      | Reached XP level 1. HP: 13/13 MP: 4/4
   176 | D:1      | Reached XP level 2. HP: 15/20 MP: 0/6
   537 | D:1      | Found Puvoqit's Book Emporium.
   579 | D:1      | Reached skill level 1 in Fighting
  1031 | D:1      | Found Toedunka's Assorted Antiques.
  1035 | D:1      | Bought a scroll labelled JOOCOKUUCOD for 24 gold pieces
  1233 | D:1      | Gained mutation: You are in touch with the powers of death.
                  | [Mummy growth]
  1233 | D:1      | Reached XP level 3. HP: 26/26 MP: 5/7
  1350 | D:1      | Found Emamn's Book Shoppe.
  1369 | D:1      | Found Meum's Antique Weapon Shoppe.
  1496 | D:1      | Bought a scroll labelled GABUPRITAU for 24 gold pieces
  1496 | D:1      | Bought a scroll labelled KOLLYH EGOOX for 24 gold pieces
  1614 | D:2      | Found Maasi Umu's Antique Armour Shoppe.
  1645 | D:2      | Noticed Jessica
  1649 | D:2      | Killed Jessica
  1650 | D:2      | Reached XP level 4. HP: 34/34 MP: 4/8
  1706 | D:2      | Reached skill level 1 in Throwing
  2362 | D:2      | Found a runed translucent door.
  2363 | D:2      | Noticed Crazy Yiuf
  2425 | D:2      | Reached XP level 5. HP: 40/40 MP: 7/9
  2442 | D:2      | Found Huudun's Weapon Shoppe.
  2937 | D:1      | Bought a scroll labelled ZIQUMERPHUMMI for 24 gold pieces
  3001 | D:2      | Bought 2 curare-tipped darts for 13 gold pieces
  3034 | D:3      | Learned a level 3 spell: Vampiric Draining
  4125 | D:4      | Noticed Dowan
  4125 | D:4      | Noticed Duvessa
  4332 | D:4      | Reached skill level 5 in Necromancy
  4332 | D:4      | Reached XP level 6. HP: 10/47 MP: 10/10
  4613 | D:4      | Found Viquoble's Antique Weapon Boutique.
  4632 | D:4      | Reached skill level 1 in Evocations
  5084 | D:5      | Entered Level 5 of the Dungeon
  5134 | D:5      | Reached XP level 7. HP: 54/54 MP: 3/11
  5285 | D:5      | Learned a level 4 spell: Animate Dead
  5458 | D:5      | Found a runed translucent gate.
  5460 | D:5      | Found a runed translucent gate.
  5460 | D:5      | Found a runed translucent gate.
  5510 | D:5      | Noticed SeagullWaffle's ghost (novice TrBe)
  5735 | D:5      | Found a staircase to the Ecumenical Temple.
  5797 | Temple   | Entered the Ecumenical Temple
  6359 | Temple   | Became a worshipper of Kikubaaqudgha
  6557 | D:5      | Reached XP level 8. HP: 36/61 MP: 13/13
  6987 | D:5      | Reached skill level 5 in Fighting
  8124 | D:6      | Found Begerome's Distillery.
  8292 | D:2      | Bought a shimmering leather armour for 168 gold pieces
  8292 | D:2      | Identified the +1 leather armour of Valour {rN+ Dex+3} (You
                  | bought it in a shop on level 2 of the Dungeon)
  9007 | D:6      | Found Nueduoh's Magic Scroll Shop.
  9014 | D:6      | Bought a scroll of teleportation for 33 gold pieces
  9017 | D:6      | Identified a scroll of acquirement
  9030 | D:6      | Acquired 1295 gold pieces
  9132 | D:2      | Bought a pair of runed boots for 180 gold pieces
  9132 | D:2      | Bought a runed robe for 88 gold pieces
  9151 | D:2      | Bought a pair of gloves for 108 gold pieces
  9262 | D:6      | Bought a scroll of magic mapping for 38 gold pieces
  9262 | D:6      | Bought a scroll of magic mapping for 38 gold pieces
  9262 | D:6      | Bought a scroll of amnesia for 38 gold pieces
  9262 | D:6      | Bought a scroll of identify for 22 gold pieces
  9262 | D:6      | Bought a scroll of enchant weapon for 82 gold pieces
  9262 | D:6      | Bought 2 scrolls of blinking for 165 gold pieces
  9311 | D:4      | Bought an ancient flail for 195 gold pieces
  9311 | D:4      | Identified the +4 flail of Faxtad {speed, rElec rPois Int-3
                  | Dex+9} (You bought it in a shop on level 4 of the Dungeon)
  9311 | D:4      | Bought a slimy falchion for 184 gold pieces
  9311 | D:4      | Identified the +7 falchion "Jorchas" {protect, rC+} (You
                  | bought it in a shop on level 4 of the Dungeon)
  9409 | D:2      | Killed Crazy Yiuf
 10146 | D:7      | Reached XP level 9. HP: 69/69 MP: 14/16
 10232 | D:7      | Noticed a two-headed ogre
 10282 | D:7      | Reached skill level 5 in Spellcasting
 10282 | D:7      | Reached skill level 6 in Necromancy
 10301 | D:7      | Learned a level 5 spell: Agony
 10396 | D:7      | Killed a two-headed ogre
 10396 | D:7      | Reached * piety under Kikubaaqudgha
 10396 | D:7      | Received a gift from Kikubaaqudgha
 10637 | D:7      | Reached skill level 5 in Throwing
 10802 | D:8      | Found Neebb's Magic Scroll Shoppe.
 10805 | D:8      | Bought a scroll of fog for 22 gold pieces
 10805 | D:8      | Bought a scroll of summoning for 104 gold pieces
 10814 | D:8      | Found Heluo's General Store.
 10825 | D:8      | Found Veorph's Distillery.
 10949 | D:8      | Found a hide-covered altar of Uskayaw.
 12670 | D:8      | Bought a scroll of enchant armour for 97 gold pieces
 12670 | D:8      | Bought a scroll of summoning for 123 gold pieces
 12739 | D:9      | Reached skill level 7 in Necromancy
 12739 | D:9      | Reached XP level 10. HP: 50/77 MP: 13/17
 12860 | D:9      | Found Cavory's Antique Weapon Shoppe.
 13380 | D:9      | Learned a level 4 spell: Anguish
 13977 | D:9      | Reached ** piety under Kikubaaqudgha
 14151 | D:10     | Entered Level 10 of the Dungeon
 14199 | D:10     | Reached skill level 1 in Hexes
 14575 | D:10     | Reached skill level 8 in Necromancy
 15069 | D:10     | Noticed Psyche
 15078 | D:10     | Cast into level 2 of the Abyss (Psyche)
 15239 | Abyss:2  | Noticed a tentacled starspawn
 15253 | Abyss:2  | Noticed a rakshasa
 15293 | Abyss:2  | Noticed a starcursed mass
 15297 | Abyss:2  | Noticed a thrashing horror
 15306 | Abyss:2  | Killed from afar by a starcursed mass

Illustrated notes

Levels and vault maps discovered:
D:1:      shiori_arrival_elements, layout_basic, serial_shops,
          nicolae_shop_stone, shop, nicolae_shop_statue_plus,
          nicolae_shop_behind_doors, minmay_pentomino_r2
D:2:      layout_rooms, serial_shops, nicolae_shop_statue_plus,
          nicolae_lakefront_shop, uniq_crazy_yiuf_cottage, uniq_jessica
D:3:      layout_rooms, kennysheep_donut, kennysheep_pointless_box
D:4:      layout_basic, serial_shops, shop, kennysheep_generic_room_6,
          uniq_duvessa
D:5:      layout_loops_corners, minmay_temple_entry_proselytizer,
          gammafunk_ghost_split
D:6:      layout_layer_cave, serial_shops, nicolae_square_shop,
          minmay_misc_feat_diagonals, nicolae_wand_duel, minmay_crystal_water,
          nicolae_stop_n_shop_1, st_stairs_6
D:7:      layout_cave_pools, grunt_ogre_cave
D:8:      layout_gridville, mainiacjoe_overflow_small_starburst, serial_shops,
          nicolae_stop_n_shop_1, nicolae_diamond_shop, nicolae_stop_n_shop_2,
          serial_bayou_lagoon_b
D:9:      layout_stronghold, serial_shops, kennysheep_mini, minmay_fountain_box,
          water_maze_lemuel
D:10:     layout_gridville, uniq_psyche
Temple:   mainiacjoe_temple_starburst
Abyss:2:  base:
D:7

Skill      XL: |  1  2  3  4  5  6  7  8  9 10 |
---------------+-------------------------------+-----
Spellcasting   | 3 4 5 |  5.0
Fighting       | 1 2 3 4 5 6 7 |  7.9
Stealth        | 2 3 4 |  4.0
Dodging        | 2 3 4 |  4.0
Throwing       | 1 2 3 4 5 6 |  6.0
Necromancy     | 5 7 8 |  8.0
Evocations     | 2 3 4 |  4.0
Hexes          | 2 |  2.3

Action                   |  1- 3 |  4- 6 |  7- 9 | 10-12 || total
-------------------------+-------+-------+-------+-------++-------
Melee: Unarmed           |    13 |       |       |       ||    13
       Dagger            |     7 |       |       |       ||     7
       Club              |       |   112 |   111 |       ||   223
       Punch             |       |     2 |     2 |     1 ||     5
       Falchion          |       |       |   103 |   157 ||   260
Throw: Stone             |       |     1 |       |       ||     1
       Dart              |       |       |     3 |       ||     3
 Cast: Necrotize         |    61 |    71 |   130 |    11 ||   273
       Vampiric Draining |       |       |    33 |    10 ||    43
       Animate Dead      |       |       |     2 |     7 ||     9
       Anguish           |       |       |       |     3 ||     3
Invok: Unearth Wretches  |       |       |     1 |     2 ||     3
Evoke: Wand              |       |       |     2 |       ||     2
  Use: Scroll            |     2 |     4 |     7 |     3 ||    16
 Stab: Sleeping          |     1 |     5 |     6 |     1 ||    13
       Paralysed         |       |       |     1 |     1 ||     2
Armor: Robe              |    14 |    26 |    87 |   165 ||   292
       Leather armour    |       |       |    12 |       ||    12
Dodge: Dodged            |    29 |    88 |   222 |   191 ||   530

Table legend: (Time is in decaauts)
 A = Elapsed time spent in this place.
 B = Non-inter-level travel time spent in this place.
 C = Inter-level travel time spent in this place.
 D = Time resting spent in this place.
 E = Time spent auto-exploring this place.
 F = Levels seen in this place.
 G = Mean time per level.
                   A        B        C        D        E       F      G
               +--------+--------+--------+--------+--------+-----+--------+
         Total |  15486 |  14069 |   1417 |   2831 |   8691 |  12 | 1290.5 |
       Dungeon |  14628 |  13314 |   1314 |   2831 |   8182 |  10 | 1462.8 |
        Temple |    619 |    516 |    103 |      0 |    509 |   1 |  619.0 |
         Abyss |    237 |    237 |      0 |      0 |      0 |   1 |  237.0 |
               +--------+--------+--------+--------+--------+-----+--------+

Top non-repeatable levels by time:
     D:5: 2781 daAuts
     D:1: 2032 daAuts
     D:8: 1919 daAuts
     D:9: 1487 daAuts
     D:4: 1351 daAuts
     D:2: 1293 daAuts
     D:3: 1064 daAuts
     D:6: 1048 daAuts
    D:10: 943 daAuts
     D:7: 705 daAuts
  Temple: 619 daAuts
 Abyss:2: 237 daAuts
